AoeStats
← haha

Four Lakes

508921809Analyzed
1v1 RM · 7d ago on Sep 24, 2026· 56m 19s· 2 players
Game mode
Random Map
Map size
Tiny (2 player)
Population
200
Speed
Normal
Resources
Standard
Victory
Conquest
Starting age
Dark Age
Ending age
Imperial Age
RankedLock teamsTeams togetherTeam positionsShared explorationLock speedFull tech treeHidden civsTurbo modeCheats
Victory
Defeat
🇦🇷 Japanese · Argentina
1113
+18
🇷🇺 Vikings · Russia
1147
-18
haha
7:10 Loom
9:48 Feudal Age
11:12 Double-Bit Axe
11:20 Horse Collar
16:46 Man-at-Arms
17:37 Fishing Lines
22:27 Castle Age
20:39 Horse Collar
21:18 Gold Mining
22:33 Forging
22:14 Fletching
22:38 Forging
23:19 Bow Saw
23:02 Crossbowman
23:10 Long Swordsman
24:58 Gillnets
26:23 Stone Mining
27:38 Squires
27:25 Arson
28:45 Scale Mail Armor
35:54 Imperial Age
33:27 Stone Mining
34:15 Gold Shaft Mining
34:00 Masonry
33:32 Treadmill Crane
35:16 Bodkin Arrow
37:29 Heavy Plow
38:18 Chain Mail Armor
39:07 Conscription
47:34 Elite Skirmisher
48:43 Town Watch
49:46 Plate Mail Armor
49:53 Heavy Plow
50:26 Padded Archer Armor
51:13 Bracer
52:11 Capped Ram
54:41 Iron Casting
55:57 Ballistics
TVHG.Vladdd
7:16 Loom
9:43 Feudal Age
10:20 Man-at-Arms
13:52 Arson
14:13 Fishing Lines
15:52 Double-Bit Axe
16:09 Fletching
19:48 Castle Age
18:27 Gold Mining
20:04 Wheelbarrow
20:53 Bodkin Arrow
21:15 Elite Skirmisher
21:18 Long Swordsman
22:27 Crossbowman
23:45 Squires
23:34 Gambesons
24:37 Scale Mail Armor
24:48 Forging
27:12 Gillnets
27:21 Gillnets
35:23 Gold Shaft Mining
36:49 Yasama
37:11 Guard Tower
40:03 Imperial Age
45:59 Chain Mail Armor
46:19 Iron Casting
47:43 Chemistry
47:36 Bracer
49:09 Masonry
51:05 Bloodlines
50:55 Husbandry
53:53 Capped Ram
57:03 Hand Cart
Connection lost

Rejoining the realm…

Still unreachable

The connection could not be restored.

Session expired

The server has moved on; the page needs a fresh start.